 Dungeon Crawl Stone Soup version 0.16-a0-3873-g452e4d5 (webtiles) character file.

19 HungrySpirit the Charmwright (level 2, -3/19 HPs)
             Began as a High Elf Skald on Feb 1, 2015.
             Slain by a sky beast (6 damage)
             ... on level 1 of the Dungeon.
             The game lasted 00:02:12 (1129 turns).

HungrySpirit the Charmwright (High Elf Skald)       Turns: 1129, Time: 00:02:12

Health: -3/19      AC:  5    Str: 11    XL:     2   Next: 55%
Magic:  4/6        EV: 11    Int: 15    God:
Gold:   49         SH:  0    Dex: 14    Spells: 2 memorised, 3 levels left

rFire  . . .     SeeInvis .     a - +0 falchion
rCold  . . .     Clarity  .     b - +0 leather armour
rNeg   . . .     SustAb   .     (no shield)
rPois  .         Gourm    .     n - +2 hat
rElec  .         Spirit   .     (no cloak)
rCorr  .         Warding  .     (no gloves)
rMut   .         Stasis   .     (no boots)
MR     .....                    (no amulet)
Stlth  +.........               (no ring)
                                (no ring)

@: not resistant to hostile enchantments, very unstealthy
A: no striking features
a: no special abilities


You were on level 1 of the Dungeon.
You were hungry.

You visited 1 branch of the dungeon, and saw 1 of its levels.

You collected 49 gold pieces.

Inventory:

Hand weapons
 a - a +0 falchion (weapon)
Armour
 b - a +0 leather armour (worn)
 n - a +2 hat (worn)
Jewellery
 g - an uncursed ring of wizardry {unknown}
Scrolls
 e - a scroll of identify {unknown}
 f - a scroll of amnesia {unknown}
 i - a scroll of magic mapping {unknown}
 j - a scroll of remove curse {unknown}
 k - a scroll of recharging {unknown}
Potions
 h - a potion of restore abilities {unknown}
Books
 c - a book of Battle

   Spells                             Type                      Level
   a - Infusion                       Charms                       1
   b - Shroud of Golubria             Charms/Translocation         2
   c - Song of Slaying                Charms                       2
   d - Spectral Weapon                Hexes/Charms                 3
   e - Regeneration                   Charms/Necromancy            3
Comestibles
 d - 2 bread rations
 l - a meat ration
 m - 5 fruits


   Skills:
 - Level 2.0 Fighting
 * Level 3.2 Long Blades
 - Level 0.8 Armour
 + Level 1.3 Dodging
 + Level 2.9 Spellcasting
 - Level 3.6 Charms


You had 3 spell levels left.
You knew the following spells:

 Your Spells              Type           Power        Failure   Level  Hunger
a - Infusion              Chrm           ##....       10%         1    #......
b - Shroud of Golubria    Chrm/Tloc      #.........   21%         2    ##.....


Dungeon Overview and Level Annotations

Branches:
Dungeon (1/15)

Altars:


Message History

You closely miss the sky beast.
The sky beast is moderately wounded.
Your shroud unravels.
The sky beast barely misses you. The sky beast closely misses you.
You completely miss the sky beast.
The sky beast is moderately wounded.
The sky beast flickers out of sight!
Deactivating autopickup; reactivate with Ctrl-A.
Something hits you but does no damage.
You miss something. Something hits you but does no damage.
Your magical contamination has completely faded away.
You closely miss something. Something hits you. Something shocks you.
* * * LOW HITPOINT WARNING * * *
You closely miss something. Something hits you but does no damage.
You barely miss something. Something hits you but does no damage.
You miss something. Something hits you but does no damage.
You closely miss something. Something hits you.
* * * LOW HITPOINT WARNING * * *
Something shocks you.
You die...

#.........###.....)...#
#.........# #.........#
#.........###.........#
#.....................#
##.....##..............
######...).##)....>........
#...........+.....#+#####...
######...{.##........###...
#....@#...............
#..................#..
##.........#.......#..
#.................#..
#...........##.......
###...........##.#.....
#....##..†....##.#.....
#....##.......##...####
#####....##............# #


There were no monsters in sight!

Vanquished Creatures
  A giant gecko (D:1)
  2 hobgoblins (D:1)
  2 jackals (D:1)
  A bat (D:1)
  2 giant cockroaches (D:1)
  2 giant newts (D:1)
  2 goblins (D:1)
  4 kobolds (D:1)
  3 rats (D:1)
19 creatures vanquished.

Notes
Turn   | Place    | Note
--------------------------------------------------------------
     0 | D:1      | HungrySpirit, the High Elf Skald, began the quest for the Orb.
     0 | D:1      | Reached XP level 1. HP: 14/14 MP: 4/4
   591 | D:1      | Reached XP level 2. HP: 17/19 MP: 3/6
   910 | D:1      | Learned a level 2 spell: Shroud of Golubria
  1105 | D:1      | Noticed a sky beast
  1129 | D:1      | Slain by a sky beast

Action                   || total
-------------------------++-------
Melee: Falchion          ||    88
 Cast: Infusion          ||     3
       Shroud of Golubri ||     1
